 Dungeon Crawl Stone Soup version 0.29-a0-251-g80730f7218 (webtiles) character file.

Game seed: 9138976023395953616

288308 Majang the Cutthroat (level 21, -3/118 HPs)
             Began as a Kobold Delver on Feb 27, 2022.
             Was an Initiate of Gozag.
             Engulfed by a cloud of foul pestilence (16 damage)
             ... on level 2 of the Abyss on Mar 5, 2022.
             The game lasted 05:03:46 (67118 turns).

Majang the Cutthroat (Kobold Delver)               Turns: 67118, Time: 05:03:46

Health: -3/118     AC: 26    Str: 24    XL:     21   Next: 57%
Magic:  12/12      EV: 33    Int:  9    God:    Gozag
Gold:   10343      SH: 11    Dex: 32    Spells: 20/20 levels left

rFire   . . .      SeeInvis +   b - +8 demon blade (protect)
rCold   + . .      Faith    .   d - +0 buckler
rNeg    + + .      Spirit   .   X - quicksilver dragon scales of the Thistle {Will+ MP-9 Str+6}
rPois   .          Reflect  .   Q - +3 crown of Dyrovepreva {rElec Int+2 SInv}
rElec   +          Harm     .   U - scarf {rC+ rF+}
rCorr   .          Rampage  .   w - +1 pair of gloves {hurl}
Will    ++...                   P - +2 pair of boots "Ohiwk" {rF- Dex+7}
Stlth   +++++++++.              m - amulet of Haedo {Acrobat rN++}
HPRegen 0.29/turn               x - +4 ring of slaying
MPRegen 0.13/turn               j - +6 ring of dexterity

@: lethally poisoned (-3 -> -9), under a protective aura, slowed, studying 2
skills, very slow
A: small, no large weapons, nightstalker 3, deformed body, frail 1, sturdy frame
1, [dopey 2]
}: 2/15 runes: decaying, gossamer
a: Renounce Religion, Potion Petition, Call Merchant, Bribe Branch


You were on level 2 of the Abyss.
You worshipped Gozag.
Gozag was extremely pleased with you.
You visited 7 branches of the dungeon, and saw 33 of its levels.
You visited the Abyss 1 time.
You visited 1 bazaar.
You also visited: Bailey, Ice Cave and Desolation.

You collected 17600 gold pieces.
You spent 3863 gold pieces at shops.
You paid 3394 gold pieces to Gozag.

Inventory:

Hand Weapons
 a - the +5 rapier "Gaom" {freeze, rElec Int+4 Dex+4}
   (You bought it in a shop on level 1 of the Lair of Beasts)

   It freezes those it strikes, dealing additional cold damage.
   It can also slow down cold-blooded creatures.
   Int:       It affects your intelligence (+4).
   Dex:       It affects your dexterity (+4).
   rElec:     It insulates you from electricity.
 b - a +8 demon blade of protection (weapon)
 G - a +4 scimitar of flaming
Missiles
 n - 11 curare-tipped darts (quivered)
 v - 2 silver boomerangs
 E - 15 boomerangs
 L - 6 throwing nets
Armour
 d - a +0 buckler (worn)
 w - a +1 pair of gloves of hurling (worn)
 P - the +2 pair of boots "Ohiwk" (worn) {rF- Dex+7}
   (You found it on level 4 of the Spider Nest)

   Dex:       It affects your dexterity (+7).
   rF:        It makes you vulnerable to fire.
 Q - the +3 crown of Dyrovepreva (worn) {rElec Int+2 SInv}
   (You found it on level 9 of the Dungeon)

   Int:       It affects your intelligence (+2).
   rElec:     It insulates you from electricity.
   SInv:      It lets you see invisible.
 U - a scarf of resistance (worn)
 X - the quicksilver dragon scales of the Thistle (worn) {Will+ MP-9 Str+6}
   (You bought it in a shop on level 12 of the Dungeon)

   Str:       It affects your strength (+6).
   MP:        It affects your magic capacity (-9).
   Will:      It increases your willpower.
Jewellery
 j - a +6 ring of dexterity (right hand)
 m - the amulet of Haedo (around neck) {Acrobat rN++}
   (You acquired it on level 9 of the Dungeon)

   [amulet of the acrobat]

   It increases your evasion while moving and waiting.
   rN:        It greatly protects you from negative energy.
 q - an amulet of reflection
 s - a ring of resist corrosion
 x - a +4 ring of slaying (left hand)
 I - a +4 ring of evasion
 J - a ring of protection from cold
Wands
 g - a wand of digging (3)
 h - a wand of paralysis (26)
 i - a wand of flame (28)
 k - a wand of acid (3)
 K - a wand of mindburst (1)
 Z - a wand of iceblast (15)
Scrolls
 c - 2 scrolls of fog
 e - a scroll of fear
 t - a scroll of holy word
 y - 10 scrolls of immolation
 z - 3 scrolls of blinking
 D - 3 scrolls of teleportation
 V - a scroll of magic mapping
 W - 2 scrolls of silence
Potions
 f - 3 potions of haste
 l - a potion of heal wounds
 A - 6 potions of mutation
 C - 4 potions of cancellation
 F - 6 potions of ambrosia
 H - 3 potions of resistance
 N - 3 potions of lignification
 T - 4 potions of might
Miscellaneous
 o - a piece from Xom's chessboard (15/15)
 B - a tin of tremorstones (2/2)
 M - a condenser vane
 O - a phial of floods
 R - a box of beasts
 S - a phantom mirror
 Y - a lightning rod (4/4)


   Skills:
 + Level 14.3 Fighting
 + Level 21.6(22.4) Short Blades
 * Level 6.8(11.6) Long Blades
 + Level 13.9 Throwing
 + Level 13.1 Armour
 + Level 15.2 Dodging
 + Level 18.6 Stealth
 + Level 12.1 Shields
 - Level 4.1 Necromancy
 + Level 14.8 Evocations


You had 20 spell levels left.
You didn't know any spells.
Your spell library contained the following spells:

 Spells                   Type           Power      Damage    Failure   Level
 Corpse Rot               Necr/Air       6%         N/A       38%         2
 Sandblast                Erth           0%         2d4       52%         1
 Shock                    Conj/Air       0%         1d3       52%         1
 Summon Small Mammal      Summ           0%         N/A       52%         1
 Blink                    Tloc           0%         N/A       67%         2
 Ensorcelled Hibernation  Hex/Ice        0%         N/A       67%         2
 Passwall                 Tmut/Erth      0%         N/A       67%         2
 Poisonous Vapours        Pois/Air       0%         N/A       67%         2
 Searing Ray              Conj           0%         2d4       67%         2
 Static Discharge         Conj/Air       0%         N/A       67%         2
 Dispel Undead            Necr           7%         3d8       75%         4
 Call Canine Familiar     Summ           0%         N/A       88%         3
 Conjure Flame            Conj/Fire      0%         6-21      88%         3
 Frozen Ramparts          Ice            0%         1d2       88%         3
 Ignite Poison            Fire/Tmut/Pois 0%         N/A       88%         3
 Stone Arrow              Conj/Erth      0%         3d7       88%         3
 Summon Guardian Golem    Hex/Summ       0%         N/A       88%         3
 Swiftness                Air            0%         N/A       88%         3
 Tukima's Dance           Hex            0%         N/A       88%         3
 Anguish                  Hex/Necr       1%         N/A       95%         4
 Airstrike                Air            0%         N/A       99%         4
 Animate Armour           Summ/Erth      0%         N/A       99%         4
 Flame Wave               Conj/Fire      0%         2d4       99%         4
 Ice Form                 Ice/Tmut       0%         N/A       99%         4
 Leda's Liquefaction      Hex/Erth       0%         N/A       99%         4
 Passage of Golubria      Tloc           0%         N/A       99%         4
 Sticky Flame             Conj/Fire      0%         2d3       99%         4
 Summon Ice Beast         Ice/Summ       0%         N/A       99%         4
 Summon Lightning Spire   Summ/Air       0%         N/A       99%         4
 Blade Hands              Tmut           0%         N/A       100%        5
 Freezing Cloud           Conj/Ice/Air   0%         6-21      100%        5
 Irradiate                Conj/Tmut      0%         3d13      100%        5
 Lee's Rapid Deconstruct  Erth           0%         3d5*      100%        5
 Lightning Bolt           Conj/Air       0%         1d11      100%        5
 Manifold Assault         Tloc           0%         N/A       100%        5
 Silence                  Hex/Air        0%         N/A       100%        5
 Summon Forest            Summ/Tloc      0%         N/A       100%        5
 Summon Mana Viper        Hex/Summ       0%         N/A       100%        5
 Death Channel            Necr           3%         N/A       100%        6
 Iron Shot                Conj/Erth      0%         9d1       100%        6
 Starburst                Conj/Fire      0%         6d3       100%        6
 Statue Form              Tmut/Erth      0%         N/A       100%        6
 Summon Cactus Giant      Summ           0%         N/A       100%        6
 Dragon Form              Tmut           0%         N/A       100%        7
 Enfeeble                 Hex            0%         N/A       100%        7
 Spellforged Servitor     Conj/Summ      0%         N/A       100%        7
 Storm Form               Tmut/Air       0%         N/A       100%        7
 Lehudib's Crystal Spear  Conj/Erth      0%         10d2      100%        8
 Necromutation            Tmut/Necr      1%         N/A       100%        8


Dungeon Overview and Level Annotations

Branches:
Dungeon (13/15)            Temple (1/1) D:7            Lair (6/6) D:11
  Swamp (4/4) Lair:3       Spider (4/4) Lair:4        Slime (0/5) Lair:5
    Orc (2/2) D:9             Elf (3/3) Orc:2        Bailey (visited)
  IceCv (visited)         Desolation (visited)
 Vaults: D:13-14

Altars:
Ashenzari
Cheibriados
Dithmenos
Elyvilon
Fedhas
Gozag
Hepliaklqana
Kikubaaqudgha
Makhleb
Nemelex Xobeh
Okawaru
Qazlal
Ru
Sif Muna
Trog
Uskayaw
Vehumet
Wu Jian
Xom
Yredelemnul
Zin
The Shining One
Beogh

Shops:
D:12 [   D:13 *(   Orc:2 !=[([   Elf:2 [*   Lair:1 ((

Annotations:
Spider:4 2 transporters, Gad Huqe's ghost, journeyman FeBe


Innate Abilities, Weirdness & Mutations

You are small and have problems with some larger weapons.
You are completely attuned to the shadows.
Armour fits poorly on your strangely shaped body.
You are frail. (-10% HP)
Your movements are slightly less encumbered by armour. (ER -2)
[You are very dopey. (Int -4)]


Message History

The foul vapour engulfs you but does no damage.
The death drake bites you but does no damage.
You closely miss the death drake.
The death drake is moderately wounded.
You are engulfed in dark miasma.
You are poisoned.
You feel as though you will be slow longer.
You feel very sick. The death drake breathes miasma at you.
The foul vapour misses you.
You slash the death drake!
The death drake is heavily wounded.
You are engulfed in dark miasma.
You are lethally poisoned!
* * * LOW HITPOINT WARNING * * *
x2 You feel extremely sick.
The death drake barely misses you. You block the death drake's attack.
You feel better.
You are engulfed in dark miasma.
You are poisoned.
* * * LOW HITPOINT WARNING * * *
x2 You feel extremely sick.
You block the death drake's attack. The death drake completely misses you.
Unknown command.
You slice the death drake!!
The death drake is severely wounded.
* * * LOW HITPOINT WARNING * * *
You feel very sick. The death drake breathes miasma at you.
The foul vapour engulfs you but does no damage.
Unknown command.
You slice the death drake!!
You kill the death drake!
That felt strangely unrewarding.
You are engulfed in dark miasma.
You are more poisoned.
* * * LOW HITPOINT WARNING * * *
You feel extremely sick.
You feel better.
You are engulfed in dark miasma.
You are poisoned.
You die...
Your body crumbles into a pile of gold.

## #.# ## # .# .
#.....#..... ..
##...###...## .
.#.....#...°.#
...##...°°°...
....#.###.°@°...
. .# ..##°°°...
.. # ##..#.....#
..# #. ##...##
##.##.... # .#
##.# . # ....#


There were no monsters in sight!

Vanquished Creatures
  Saint Roka (Orc:2)
  Nikola (Swamp:2)
  A bone dragon (Abyss:1)
  A deep elf blademaster (Elf:2)
  3 thorn hunters
  A fenstrider witch (Swamp:3)
  5 emperor scorpions
  2 imperial myrmidons (Desolation)
  2 orc warlords
  4 ghost moths
  The ghost of Poittog the Brawler, a journeyman DrMo of Ashenzari (Lair:3)
  2 broodmothers (Spider:3)
  A starcursed mass (Abyss:1)
  2 eleionomae (Swamp:3)
  7 entropy weavers
  A deep elf annihilator (Elf:1)
  A halazid warlock (Desolation)
  4 bunyips
  6 spark wasps
  An ettin (Orc:2)
  Josephine (Orc:1)
  Harold (D:10)
  6 ragged hierophants (Desolation)
  8 servants of whispers (Desolation)
  The ghost of Colgate the Destroyer, a journeyman DsCj of Dithmenos (D:11)
  Erolcha (D:13)
  23 hydras
  A rakshasa (D:13)
  11 peacekeepers (Desolation)
  A centaur warrior (D:13)
  2 jorogumos (Spider:3)
  A catoblepas (Lair:6)
  The ghost of Colgate the Destroyer, a journeyman DsCj of Cheibriados (D:11)
  2 ghost crabs (Swamp:4)
  3 radroaches
  2 boulder beetles
  The ghost of raistware the Frost Mage, a journeyman HuIE of Sif Muna (D:11)
  15 alligators
  4 two-headed ogres
  4 death yaks
  The ghost of kelmiir the Thaumaturge, a journeyman DEFE of Wu Jian (D:11)
  7 death scarabs
  2 thrashing horrors
  4 orc high priests
  15 deep elf knights
  A wretched star (Abyss:1)
  A spatial maelstrom (Abyss:2)
  4 skeletal warriors
  5 pharaoh ants
  A sea snake (shapeshifter) (Elf:2)
  4 spriggan druids
  6 goliath frogs
  A death drake (Abyss:2)
  A flayed ghost (Abyss:1)
  9 deep elf archers
  A steelbarb worm (shapeshifter) (Elf:1)
  A swamp dragon (shapeshifter) (D:13)
  8 orb spiders
  16 swamp dragons
  9 bog bodies
  3 spectral wolf spiders (Spider:4)
  7 steelbarb worms
  A lindwurm (Lair:4)
  2 wolf spider zombies (Spider:4)
  18 deep elf zephyrmancers
  8 orc sorcerers
  An ironbound convoker (Elf:2)
  28 deep elf pyromancers
  3 orc knights (Orc:2)
  5 will-o-the-wisps
  27 wolf spiders
  A cyclops (D:11)
  6 oklob plants
  4 ugly things
  A worldbinder (Abyss:1)
  6 slime creatures (D:12)
  3 manticores
  A large abomination (Abyss:2)
  4 moths of wrath
  10 elephants
  5 guardian serpents (Desolation)
  2 ice statues (IceCv)
  7 black mambas
  A rust devil (Abyss:2)
  An orange demon (Abyss:1)
  5 smoke demons
  16 cane toads
  A molten gargoyle (Desolation)
  2 gargoyles
  9 torpor snails
  6 rime drakes
  A kobold demonologist (D:11)
  13 demonic crawlers
  11 komodo dragons
  2 spectral redbacks (Spider:4)
  A redback zombie (Spider:4)
  A hellwing (Abyss:1)
  An unseen horror (D:10)
  A red devil (Abyss:2)
  12 tyrant leeches
  7 trolls
  4 polar bears
  A tarantella zombie (Spider:4)
  3 spectral jumping spiders (Spider:4)
  2 culicivora zombies (Spider:4)
  A jumping spider zombie (Spider:4)
  13 meliai
  66 saltlings
  11 hornets
  13 dream sheep
  21 tarantellas
  27 blink frogs
  4 spectral culicivoras (Spider:4)
  4 flying skulls (Abyss:2)
  41 jumping spiders
  An air elemental (Elf:1)
  50 yaks
  A water elemental (Elf:2)
  A culicivora (shapeshifter) (Abyss:2)
  36 culicivoras
  2 vampires
  2 shadows
  3 wraiths (Orc:1)
  2 basilisks
  28 spriggans
  4 fire elementals
  2 wyverns
  68 redbacks
  11 vampire mosquitoes
  A neqoxec (Abyss:1)
  Edmund (D:4)
  A death yak simulacrum (IceCv)
  5 wargs
  An acid dragon (D:11)
  Duvessa (D:4)
  20 swamp worms
  19 water moccasins
  6 swamp drakes (Swamp:4)
  41 orc warriors
  2 sky beasts
  A fire dragon simulacrum (Abyss:1)
  5 black bears
  7 ogres
  3 necrophages (D:7)
  4 boggarts (Lair:6)
  10 centaurs
  2 snapping turtle skeletons (Abyss:2)
  22 wolves
  4 kobold brigands
  15 bullfrogs
  3 gnoll sergeants
  5 scorpions
  A cane toad simulacrum (IceCv)
  Dowan (D:4)
  10 killer bees
  A small abomination (Abyss:2)
  2 wights (D:7)
  6 electric eels
  3 howler monkeys (D:9)
  A centaur zombie (D:7)
  4 hounds
  2 quasits (Abyss:1)
  27 orc priests
  4 jellies
  An iron imp (Abyss:2)
  3 iguanas
  32 orc wizards
  A hell rat (Lair:2)
  A polar bear simulacrum (IceCv)
  A wolf simulacrum (IceCv)
  A mummy (D:7)
  25 gnolls
  4 adders
  A river rat (Lair:3)
  2 white imps
  An ufetubus (D:4)
  3 worms
  4 dart slugs
  164 orcs
  6 bats
  3 endoplasms
  3 giant cockroaches
  31 goblins
  39 hobgoblins
  4 jackals
  7 quokkas
  6 ball pythons
  27 kobolds
  5 rats
  A lurking horror (Abyss:1)
1516 creatures vanquished.

Vanquished Creatures (collateral kills)
  the Lernaean hydra (Swamp:4)
  Arachne (Spider:3)
  Jorgrun (Elf:1)
  An emperor scorpion (Spider:4)
  2 swamp dragons (Swamp:4)
  3 orc warriors (Orc:2)
  A jelly (D:6)
  2 orcs (Orc:2)
12 creatures vanquished.

Vanquished Creatures (others)
  A ragged hierophant (Desolation)
  24 dancing weapons
  4 bloated husks
  A swamp worm (Swamp:3)
  A swamp drake (Swamp:2)
  An orc wizard (Orc:2)
  A bush (Lair:6)
  6 foxfires (Swamp:2)
  77 fungi
  A lurking horror (Abyss:2)
  70 plants
  A withered plant (Desolation)
188 creatures vanquished.

Grand Total: 1716 creatures vanquished

Notes
Turn   | Place    | Note
-------+----------+-------------------------------------------
     0 | D:5      | Majang the Kobold Delver began the quest for the Orb.
     0 | D:5      | Reached XP level 1. HP: 14/14 MP: 1/1
    24 | D:4      | Noticed a jelly
    28 | D:4      | Killed a jelly
    29 | D:4      | Reached skill level 4 in Short Blades
    29 | D:4      | Reached XP level 2. HP: 20/20 MP: 2/2
    29 | D:4      | Reached XP level 3. HP: 24/24 MP: 3/3
   504 | D:3      | Reached XP level 4. HP: 16/29 MP: 4/4
   911 | D:1      | Found a faded altar of an unknown god.
  1270 | D:1      | Reached skill level 5 in Short Blades
  1771 | D:2      | Reached XP level 5. HP: 31/33 MP: 5/5
  2935 | D:3      | Reached skill level 1 in Evocations
  2935 | D:3      | Reached XP level 6. HP: 10/39 MP: 6/6
  3216 | D:3      | Reached skill level 1 in Throwing
  3216 | D:3      | Reached skill level 1 in Armour
  3597 | D:4      | Reached skill level 6 in Short Blades
  3742 | D:4      | Noticed Edmund
  3748 | D:4      | Killed Edmund
  3749 | D:4      | Reached XP level 7. HP: 39/44 MP: 7/7
  4239 | D:5      | Noticed Duvessa
  4240 | D:5      | Noticed Dowan
  4266 | D:4      | Killed Dowan
  4267 | D:4      | Reached skill level 5 in Fighting
  4267 | D:4      | Reached XP level 8. HP: 34/49 MP: 8/8
  4313 | D:4      | Killed Duvessa
  4314 | D:4      | Reached skill level 7 in Short Blades
  6221 | D:6      | Reached skill level 8 in Short Blades
  6441 | D:6      | Noticed a rime drake
  6441 | D:6      | an electric eel changed into a rime drake
  6460 | D:6      | Killed a rime drake
  6461 | D:6      | Reached XP level 9. HP: 38/55 MP: 9/9
  6720 | D:6      | Reached skill level 5 in Dodging
  7283 | D:7      | Found a staircase to the Ecumenical Temple.
  7289 | Temple   | Entered the Ecumenical Temple
  7387 | Temple   | Became a worshipper of Gozag Ym Sagoz the Greedy
  7449 | D:7      | Reached skill level 9 in Short Blades
  8709 | D:7      | Reached XP level 10. HP: 57/61 MP: 10/10
  8793 | D:7      | Noticed a white ugly thing
  9027 | D:7      | Got the Collected Works on the Mutagenic Volcanoes
  9201 | D:7      | Reached skill level 5 in Evocations
  9532 | D:7      | Reached skill level 10 in Short Blades
 10055 | D:7      | Reached skill level 5 in Throwing
 10141 | D:8      | Found a hazy altar of Hepliaklqana.
 10141 | D:8      | Found a faded altar of an unknown god.
 10256 | D:8      | Found a flagged portal.
 10281 | Bailey   | Entered a bailey
 11444 | D:9      | Identified a scroll of acquirement
 11445 | D:9      | Acquired the amulet of Haedo {Acrobat rN++}
 11774 | D:9      | Reached skill level 10 in Stealth
 12215 | D:9      | Reached skill level 11 in Short Blades
 12383 | D:9      | Found a staircase to the Orcish Mines.
 12500 | D:9      | Reached XP level 11. HP: 51/67 MP: 11/11
 13387 | D:9      | Found the +3 crown of Dyrovepreva {rElec Int+2 SInv}
 13391 | D:9      | Identified the +1 leather armour of the Pits of Slime {rC+
                  | Int+3}
 13635 | D:10     | Entered Level 10 of the Dungeon
 14169 | D:10     | Reached skill level 12 in Short Blades
 14379 | D:10     | Noticed a two-headed ogre
 14403 | D:10     | Killed a two-headed ogre
 14941 | D:10     | Noticed Harold
 14948 | D:10     | Killed Harold
 15146 | D:11     | Noticed a cyclops
 15151 | D:11     | Killed a cyclops
 15152 | D:11     | Reached skill level 5 in Armour
 15309 | D:11     | Found a runed translucent gate.
 15310 | D:11     | Found a runed translucent gate.
 15310 | D:11     | Noticed Colgate's ghost (journeyman DsCj)
 15311 | D:11     | Found a runed translucent gate.
 15313 | D:11     | Noticed kelmiir's ghost (journeyman DEFE)
 15313 | D:11     | Noticed raistware's ghost (journeyman HuIE)
 15313 | D:11     | Noticed Colgate's ghost (journeyman DsCj)
 15344 | D:11     | Reached XP level 12. HP: 73/73 MP: 12/12
 15348 | D:11     | Noticed a skeletal warrior
 15349 | D:11     | Noticed a skeletal warrior
 15351 | D:11     | Noticed a skeletal warrior
 15352 | D:11     | Noticed a skeletal warrior
 15732 | D:9      | Killed a skeletal warrior
 16511 | D:11     | Noticed a two-headed ogre
 16529 | D:11     | Killed a two-headed ogre
 16530 | D:11     | Reached skill level 13 in Short Blades
 16984 | D:10     | Killed a skeletal warrior
 17227 | D:11     | Acquired 1055 gold pieces
 18017 | D:11     | Found a staircase to the Lair.
 18288 | Lair:1   | Entered Level 1 of the Lair of Beasts
 18416 | Lair:1   | Noticed an eight-headed hydra
 18444 | Lair:1   | Killed an eight-headed hydra
 18799 | Lair:1   | Noticed a four-headed hydra
 18822 | Lair:1   | Killed a four-headed hydra
 19126 | Lair:1   | Noticed a five-headed hydra
 19130 | Lair:1   | Killed a five-headed hydra
 19463 | Lair:1   | Reached skill level 14 in Short Blades
 19639 | Lair:1   | Reached XP level 13. HP: 80/80 MP: 13/13
 20167 | Lair:1   | Bought a glowing short sword for 144 gold pieces
 20167 | Lair:1   | Bought a glowing dagger for 120 gold pieces
 20190 | Lair:1   | Bought the +5 rapier "Gaom" {freeze, rElec Int+4 Dex+4} for
                  | 882 gold pieces
 20231 | Lair:2   | Reached skill level 1 in Shields
 20815 | Lair:2   | Found the +4 skin of Zhor {*Englaciate rC+++ SInv}
 21150 | Lair:2   | Noticed a boulder beetle
 21169 | Lair:2   | Killed a boulder beetle
 21455 | Lair:2   | Identified the +4 mace of World Downfall {flame, Fly rF+
                  | Str+4}
 21509 | Lair:2   | Reached skill level 15 in Short Blades
 22195 | Lair:3   | Found a runed translucent gate.
 22196 | Lair:3   | Found a runed translucent gate.
 22197 | Lair:3   | Found a runed translucent gate.
 22200 | Lair:3   | Noticed Poittog's ghost (journeyman DrMo)
 22647 | Lair:3   | Found a staircase to the Swamp.
 23096 | Lair:3   | Reached XP level 14. HP: 87/87 MP: 14/14
 23566 | Lair:3   | Reached skill level 10 in Dodging
 24832 | Lair:4   | Reached skill level 10 in Fighting
 25098 | Lair:4   | Identified the +3 hunting sling of Revolt {freeze, Will+}
 25198 | Lair:4   | Found a hole to the Spider Nest.
 25202 | Lair:4   | Reached skill level 16 in Short Blades
 25585 | Lair:4   | Identified the +5 dagger of the Moth {pain, rElec rPois}
 25606 | Lair:4   | Reached skill level 10 in Evocations
 25837 | Lair:5   | Found a staircase to the Slime Pits.
 26429 | Lair:5   | Reached skill level 1 in Necromancy
 27472 | Lair:6   | Entered Level 6 of the Lair of Beasts
 27680 | Lair:6   | Reached XP level 15. HP: 93/93 MP: 15/15
 27711 | Lair:6   | Found a burning altar of Makhleb.
 27731 | Lair:6   | Reached skill level 5 in Shields
 29033 | Lair:6   | Reached skill level 10 in Throwing
 29158 | Lair:6   | Paralysed by a hornet for 2 turns
 29399 | Lair:6   | Reached skill level 17 in Short Blades
 30288 | Orc:1    | Entered Level 1 of the Orcish Mines
 30292 | Orc:1    | Noticed an orc warlord
 30333 | D:9      | Killed an orc warlord
 31047 | Orc:1    | Noticed Josephine
 31064 | Orc:1    | Killed Josephine
 31206 | Orc:2    | Entered Level 2 of the Orcish Mines
 31281 | Orc:2    | Found Rimes's Distillery.
 31285 | Orc:2    | Bought a potion of curing for 54 gold pieces
 31285 | Orc:2    | Bought a potion of ambrosia for 144 gold pieces
 31285 | Orc:2    | Bought a potion of heal wounds for 90 gold pieces
 31510 | Orc:2    | Found Kyocaku's Jewellery Emporium.
 32195 | Orc:2    | Found Ossuem's Armour Emporium.
 32275 | Orc:2    | Noticed an orc warlord
 32396 | Orc:2    | Killed an orc warlord
 33069 | Orc:2    | Found a runed translucent door.
 33282 | Orc:2    | Found a staircase to the Elven Halls.
 33343 | Orc:2    | Noticed Saint Roka
 33744 | Orc:2    | Killed Saint Roka
 33745 | Orc:2    | Reached XP level 16. HP: 36/100 MP: 16/16
 34103 | Orc:2    | Found Jorph's Antique Armour Shop.
 34114 | Orc:2    | Found Yjuaheirr's Antique Weapon Boutique.
 34297 | Orc:2    | Bought a glowing scimitar for 196 gold pieces
 34303 | Orc:2    | Bought a distressingly furry scale mail for 225 gold pieces
 34303 | Orc:2    | Identified the +4 scale mail of the Kraken {Harm rPois
                  | Slay+3 Stlth-} (You bought it in a shop on level 2 of the
                  | Orcish Mines)
 34915 | Swamp:1  | Entered Level 1 of the Swamp
 35059 | Swamp:1  | Noticed a thorn hunter
 35069 | Swamp:1  | Killed a thorn hunter
 35777 | Swamp:1  | Reached skill level 18 in Short Blades
 35901 | Swamp:1  | Reached skill level 15 in Stealth
 36074 | Swamp:2  | Noticed Nikola
 36087 | Swamp:2  | Killed Nikola
 37245 | Swamp:2  | Noticed a thorn hunter
 37258 | Swamp:2  | Killed a thorn hunter
 38070 | Swamp:3  | Noticed a thorn hunter
 38088 | Swamp:3  | Killed a thorn hunter
 38095 | Swamp:3  | Reached XP level 17. HP: 53/106 MP: 17/17
 38370 | Swamp:3  | Identified the ring "Ojiuxky" {rN+ SInv}
 39064 | Swamp:3  | Upgraded the game from 0.29-a0-222-g5b244fca1f to
                  | 0.29-a0-231-g945431f764
 39084 | Swamp:4  | Entered Level 4 of the Swamp
 40287 | Swamp:4  | Reached skill level 19 in Short Blades
 41288 | Swamp:4  | Reached skill level 10 in Armour
 41329 | Swamp:4  | Noticed the 27-headed Lernaean hydra
 41336 | Swamp:4  | Killed the 27-headed Lernaean hydra
 41384 | Swamp:4  | Got a decaying rune of Zot
 41661 | Lair:1   | Acquired a manual of Shields
 41733 | Spider:1 | Entered Level 1 of the Spider Nest
 42507 | Spider:1 | Reached XP level 18. HP: 77/112 MP: 6/18
 44735 | Spider:2 | Reached skill level 20 in Short Blades
 46254 | Spider:3 | Noticed Arachne
 47951 | Spider:3 | Reached skill level 10 in Shields
 47995 | Spider:3 | Killed Arachne
 48289 | Spider:2 | Reached XP level 19. HP: 119/119 MP: 19/19
 48592 | Spider:4 | Entered Level 4 of the Spider Nest
 49213 | Spider:3 | Reached skill level 1 in Long Blades
 49800 | Spider:4 | Noticed Gad Huqe's ghost (journeyman FeBe)
 49881 | Spider:4 | Found a transporter.
 49887 | Spider:4 | Found a transporter.
 52356 | Spider:4 | Got a gossamer rune of Zot
 52369 | Spider:4 | Identified the +2 pair of boots "Ohiwk" {rF- Dex+7}
 52657 | D:11     | Killed kelmiir's ghost
 52700 | D:11     | Killed raistware's ghost
 52705 | D:11     | Killed Colgate's ghost
 52948 | D:11     | Killed Colgate's ghost
 53250 | Lair:3   | Killed Poittog's ghost
 53968 | Elf:1    | Entered Level 1 of the Elven Halls
 54020 | Elf:1    | Noticed Jorgrun
 54027 | Elf:1    | Killed Jorgrun
 54050 | Elf:1    | Reached XP level 20. HP: 44/125 MP: 20/20
 54062 | Elf:1    | Gained mutation: You are frail. (-10% HP) [mutagenic glow]
 54073 | Elf:1    | Gained mutation: Armour fits poorly on your strangely
                  | shaped body. [mutagenic glow]
 54448 | Elf:1    | Reached skill level 21 in Short Blades
 54677 | Elf:1    | Got Nivas's Compendium of Conjuration
 55221 | Elf:2    | Found Vipuvve's Antique Armour Shoppe.
 55230 | Elf:2    | Found Tekkiga's General Store.
 55313 | Elf:2    | Found a flickering gateway to a bazaar.
 55320 | Bazaar   | Entered a bazaar
 55334 | Bazaar   | Found Lochis's Jewellery Shop.
 55346 | Bazaar   | Found Relighio's General Store.
 55357 | Bazaar   | Found Ewazir Xitt's Antique Weapon Shop.
 55368 | Bazaar   | Found Nyco's Armour Boutique.
 55392 | Bazaar   | Bought a potion of mutation for 72 gold pieces
 55392 | Bazaar   | Bought a scroll of fear for 31 gold pieces
 55398 | Bazaar   | Bought a ring of resist corrosion for 180 gold pieces
 55422 | Elf:2    | Found a radiant altar of Vehumet.
 55743 | Elf:2    | Found a crumbling gateway.
 55748 | Desolati | Entered the Desolation of Salt
 56026 | Desolati | Found the +9 staff of Olgreb {rPois∞}
 56360 | Desolati | Identified the amulet "Igifaxyv" {Reflect rPois Int+3
                  | Slay-4 SH+5}
 56525 | Desolati | Identified the +10 shortbow of the Keeping Lamprey {flame,
                  | rElec}
 56604 | Desolati | Reached skill level 5 in Long Blades
 57926 | Desolati | Identified the ring "Domig" {rPois rF+ Will+ Str+6 Dex-3}
 58017 | Desolati | Got Lehar's Almanac of Battle Magic and Air
 58052 | Desolati | Identified the +1 ring mail "Bioleeji" {Int+5}
 58197 | Desolati | Identified the amulet "Domeuzad" {Reflect +Blink Int+4
                  | Slay-3 SH+5}
 58452 | Desolati | Identified the +9 flail "Qacuxuyf" {flame, rCorr}
 58659 | Desolati | Identified the ring "Edokhyri" {Fly rF+ Str+6 Int+7 Stlth-}
 59077 | Elf:2    | Reached XP level 21. HP: 110/118 MP: 21/21
 59426 | Elf:2    | Found a runed translucent gate.
 59426 | Elf:2    | Found a runed translucent gate.
 59426 | Elf:2    | Found a runed translucent gate.
 59690 | Elf:2    | Upgraded the game from 0.29-a0-231-g945431f764 to
                  | 0.29-a0-251-g80730f7218
 60826 | Elf:2    | Reached skill level 15 in Dodging
 61552 | Elf:2    | HP: 4/118 [+2 halberd of venom (7)]
 62734 | Elf:3    | Entered Level 3 of the Elven Halls
 63423 | D:12     | Found a frozen archway.
 63447 | IceCv    | Entered an ice cave
 63553 | IceCv    | Found a transporter.
 63556 | IceCv    | Identified the +2 robe of Hoapeniz {Dex+3}
 63601 | IceCv    | Found a transporter.
 64111 | D:12     | Found Ohemuabie's Antique Armour Boutique.
 64126 | D:12     | Bought heavily runed quicksilver dragon scales for 1560
                  | gold pieces
 64126 | D:12     | Identified the quicksilver dragon scales of the Thistle
                  | {Will+ MP-9 Str+6} (You bought it in a shop on level 12 of
                  | the Dungeon)
 64865 | D:13     | Found Quweg's Weapon Boutique.
 64871 | D:13     | Noticed Erolcha
 64875 | D:13     | Killed Erolcha
 65664 | D:13     | Found Teiptur's General Store.
 65692 | D:13     | Bought a scroll of teleportation for 45 gold pieces
 65692 | D:13     | Bought a potion of heal wounds for 75 gold pieces
 65692 | D:13     | Bought a scroll of teleportation for 45 gold pieces
 65962 | D:13     | Cast into level 1 of the Abyss (meliai)
 66374 | Abyss:1  | Gained mutation: Your movements are slightly less
                  | encumbered by armour. (ER -2) [a neqoxec]
 66440 | Abyss:1  | Found a corrupted altar of Lugonu.
 66485 | Abyss:1  | Noticed a bone dragon
 66506 | Abyss:1  | Killed a bone dragon
 66600 | Abyss:1  | Found an opulent altar of Gozag.
 66679 | Abyss:2  | Found a corrupted altar of Lugonu.
 67117 | Abyss:2  | HP: 3/118 [poison (dark miasma)]
 67118 | Abyss:2  | Engulfed by a cloud of foul pestilence

Illustrated notes

Levels and vault maps discovered:
D:1:      minmay_arrival_four_circles, layout_basic, basic_ecumenical_altar,
          serial_bayou_pond_c
D:2:      layout_loops_cross, minmay_misc_feat_five
D:3:      layout_loops_cross, serial_bayou_pond_a, minmay_diced_spiral
D:4:      layout_rooms, uniq_edmund
D:5:      layout_cave_pods, uniq_duvessa
D:6:      minmay_goblin_kobold_castle, layout_loops_ring
D:7:      layout_basic, minmay_temple_entry_statues_pillars, serial_undead,
          serial_undead_a, serial_undead_b, serial_undead_f, serial_undead_e
D:8:      layout_cave_pools, beargit_hepliaklqana_dungeon_heroes, enter_bailey_4
D:9:      layout_roguey [special_room_orc], david_orc_5,
          lemuel_flamethrower_hall
D:10:     layout_irregular_city, chequers_serial_rivers_small_b, uniq_harold
D:11:     layout_long_grid, lair_entry_dummy, gammafunk_ghost_cemetery
D:12:     layout_basic, serial_shops, shop, portal_ice_cave_entry_pillars_1
D:13:     layout_roguey, serial_shops, nicolae_shop_window_shopping,
          nicolae_shop_bloodbath_and_beyond, uniq_erolcha
Temple:   kilobyte_greek_temple
Lair:1:   kb_forest_paths, layout_loops_ring, serial_bayou_shore_b
Lair:2:   nzn_winding_woodlands_large [nzn_winding_woodlands_hourglass,
          nzn_winding_woodlands_5x15_parted,
          nzn_winding_woodlands_5x5_checkerboard,
          nzn_winding_woodlands_center_diamonds,
          nzn_winding_woodlands_15x15_boxy_spiral,
          nzn_winding_woodlands_center_lodge,
          nzn_winding_woodlands_5x5_perimeter,
          nzn_winding_woodlands_5x15_sawtooth,
          nzn_winding_woodlands_5x5_default], layout_chaotic_city,
          small_statue_intersection, hellmonk_guarded_unrand_zhor
Lair:3:   layout_chaotic_city, minmay_swamp_entry_worms, gammafunk_ghost_split,
          st_stairs_3, pond, serial_bayou_shore_b
Lair:4:   layout_small_grid, nicolae_spider_entry_tight_spaces,
          serial_bayou_shore_b, grunt_megastairs_3
Lair:5:   layout_misc_corridors, minmay_slime_entry_oklob_enclosed,
          lemuel_fruit_fields, infiniplex_staircase_pool_2
Lair:6:   minmay_lair_end_enchanted_forest, layout_misc_corridors,
          lemuel_oklob_altar
Swamp:1:  layout_falls_marsh, nicolae_swamp_ascending_descending
Swamp:2:  layout_basic_swamp, evilmike_swamp_ruin_house_6, swamp_pool3,
          water_boxes_lemuel, uniq_nikola
Swamp:3:  layout_falls_marsh, nicolae_swamp_dense_foliage
Swamp:4:  swamp_old_school, layout_basic_swamp, swamp_pool1,
          nicolae_swamp_some_circles, infiniplex_staircase_pool
Spider:1: layout_cave_pods, guppyfry_spider_mini_1
Spider:2: layout_spider_delve, hellmonk_narrow_tunnel
Spider:3: layout_chambers, nicolae_spider_jagged_tunnels, uniq_arachne
Spider:4: floodkiller_spider_rune_tomb, gammafunk_ghost_arena
Orc:1:    layout_caves, uniq_josephine
Orc:2:    grunt_orc_community_town_hall, layout_caves,
          grunt_orc_community_big_house_2, grunt_orc_community_big_house_2,
          grunt_orc_community_house_3, grunt_orc_community_house_1,
          grunt_orc_community_house_2, grunt_orc_community_house_3,
          serial_shops, shop, lightli_church_of_beogh
Elf:1:    nicolae_elf_arrival_fired_up, layout_geoelf_diagonals,
          minmay_elf_annihilation, uniq_jorgrun
Elf:2:    nicolae_elf_blades_splatter_lattice
          [nicolae_blade_entry_floor_patterns], layout_geoelf_diagonals,
          portal_desolation_entry_nicolae_nacl, basic_altar, serial_shops,
          bzr_entry_water, shop, nicolae_shop_temple_entry_statues_fountains
Elf:3:    grunt_elf_hall_diamonds, layout_geoelf_octagon
Abyss:2:  base: D:5, hangedman_abyss_shoalhut, hangedman_abyss_shoalhut,
          evilmike_abyss_exit_mutagenic, evilmike_abyss_exit_10,
          evilmike_abyss_exit_10, hangedman_decor_peaks_small,
          hangedman_illusive_loot

Skill      XL: |  1  2  3  4  5  6  7  8  9 10 11 12 13 14 15 16 17 18 19 20 21 |
---------------+----------------------------------------------------------------+-----
Short Blades   | 4 5 6 8 9 11 12 14 15 16 17 18 19 20 21 | 21.6
Fighting       | 4 5 6 7 8 9 10 11 12 13 14 | 14.3
Evocations     | 1 2 3 4 6 7 8 9 10 11 12 13 14 | 14.8
Throwing       | 1 2 3 4 5 6 7 8 9 10 11 12 13 | 13.9
Armour         | 1 2 3 4 5 6 7 8 9 10 11 12 13 | 13.1
Dodging        | 3 4 5 6 7 8 9 10 11 12 13 14 15 | 15.2
Stealth        | 7 8 9 10 11 12 13 14 15 16 17 18 | 18.6
Shields        | 2 4 6 7 9 10 11 12 | 12.1
Necromancy     | 1 3 4 |  4.1
Long Blades    | 3 5 6 |  6.8

Action                   |  1- 3 |  4- 6 |  7- 9 | 10-12 | 13-15 | 16-18 | 19-21 || total
-------------------------+-------+-------+-------+-------+-------+-------+-------++-------
Melee: Short sword       |    50 |     5 |   356 |   937 |    45 |       |       ||  1393
       Dagger            |    23 |   225 |    42 |   232 |    52 |       |       ||   574
       Punch             |       |     4 |     7 |    19 |       |       |       ||    30
       Rapier            |       |       |       |       |  1343 |  1198 |  1182 ||  3723
       Flail             |       |       |       |       |    22 |       |       ||    22
       Scimitar          |       |       |       |       |       |    16 |       ||    16
       Demon blade       |       |       |       |       |       |       |   201 ||   201
Throw: Dart              |       |       |     1 |     3 |     8 |     1 |     1 ||    14
       Boomerang         |       |       |       |     1 |       |     3 |    14 ||    18
Invok: Call Merchant     |       |       |       |       |     2 |       |       ||     2
       Potion Petition   |       |       |       |       |     2 |       |     1 ||     3
Evoke: Wand              |       |       |     1 |    11 |     2 |     6 |     4 ||    24
       Box of beasts     |       |       |       |     1 |     2 |     1 |     1 ||     5
       Phantom mirror    |       |       |       |     1 |       |     1 |       ||     2
       Tin of tremorston |       |       |       |       |     3 |     2 |     6 ||    11
       Condenser vane    |       |       |       |       |       |       |     3 ||     3
  Use: Potion            |       |     1 |     4 |     7 |     8 |     1 |    16 ||    37
       Scroll            |       |       |    15 |    14 |     4 |     5 |    11 ||    49
 Stab: Sleeping          |     2 |    31 |    20 |    40 |    77 |    59 |    62 ||   291
       Distracted        |       |     1 |     4 |    11 |    29 |    30 |    31 ||   106
       Invisible         |       |       |     3 |     2 |       |       |     7 ||    12
       Paralysed         |       |       |       |     3 |     1 |       |       ||     4
       Confused          |       |       |       |       |       |     1 |       ||     1
Armor: Leather armour    |    18 |    14 |    98 |   224 |    46 |       |       ||   400
       Animal skin       |       |       |       |       |    86 |     4 |     4 ||    94
       Scale mail        |       |       |       |       |       |   162 |   181 ||   343
       Quicksilver drago |       |       |       |       |       |       |    51 ||    51
Dodge: Dodged            |    53 |    66 |   289 |   725 |   644 |   766 |   975 ||  3518
Block: Buckler           |       |       |       |     7 |   271 |   324 |   500 ||  1102

Table legend: (Time is in decaauts)
 A = Elapsed time spent in this place.
 B = Non-inter-level travel time spent in this place.
 C = Inter-level travel time spent in this place.
 D = Time resting spent in this place.
 E = Time spent auto-exploring this place.
 F = Levels seen in this place.
 G = Mean time per level.
                   A        B        C        D        E       F      G
               +--------+--------+--------+--------+--------+-----+--------+
         Total |  64794 |  56314 |   8480 |  23341 |  12797 |  39 | 1661.4 |
       Dungeon |  21173 |  17722 |   3451 |   6356 |   5527 |  13 | 1628.7 |
        Temple |    138 |     98 |     40 |     47 |      0 |   1 |  138.0 |
          Lair |  12597 |  11134 |   1463 |   4096 |   3644 |   6 | 2099.5 |
         Swamp |   6258 |   5848 |    410 |   2800 |   1345 |   4 | 1564.5 |
   Spider Nest |  10879 |   9319 |   1560 |   4404 |   1091 |   4 | 2719.8 |
  Orcish Mines |   3797 |   3351 |    446 |   1351 |    381 |   2 | 1898.5 |
   Elven Halls |   5120 |   4011 |   1109 |   1770 |    728 |   3 | 1706.7 |
         Abyss |   1119 |   1119 |      0 |    661 |      0 |   2 |  559.5 |
        Bazaar |     86 |     86 |      0 |      0 |      0 |   1 |   86.0 |
        Bailey |    433 |    433 |      0 |    105 |      0 |   1 |  433.0 |
      Ice Cave |    202 |    202 |      0 |     96 |      0 |   1 |  202.0 |
    Desolation |   2987 |   2987 |      0 |   1652 |     81 |   1 | 2987.0 |
               +--------+--------+--------+--------+--------+-----+--------+

Top non-repeatable levels by time:
Spider:3: 4413 daAuts
   Elf:2: 3319 daAuts
     D:9: 3097 daAuts
Desolation: 2987 daAuts
    D:11: 2940 daAuts
  Lair:3: 2805 daAuts
Spider:1: 2618 daAuts
     D:6: 2602 daAuts
   Orc:2: 2534 daAuts
Spider:4: 2456 daAuts
  Lair:1: 2182 daAuts
  Lair:2: 2137 daAuts
  Lair:6: 2080 daAuts
 Swamp:2: 2078 daAuts
    D:10: 2049 daAuts
